 Dungeon Crawl Stone Soup version 0.30.1 (webtiles) character file.

Game seed: 5051970397427576556

2968 Wiggles the Cleaver (level 9, -7/81 HPs)
             Began as a Minotaur Berserker on July 7, 2023.
             Was a High Priest of Trog.
             Shot with an arrow by a centaur warrior (20 damage)
             ... on level 8 of the Dungeon.
             The game lasted 00:17:54 (7197 turns).

Wiggles the Cleaver (Minotaur Berserker)            Turns: 7197, Time: 00:17:55

Health: -7/81      AC: 10    Str: 25    XL:     9   Next: 52%
Magic:  8/8        EV: 15    Int:  4    God:    Trog [*****.]
Gold:   419        SH:  0    Dex: 11    Spells: 8/8 levels left

rFire   . . .        E - +3 broad axe (heavy)
rCold   . . .        (no shield)
rNeg    . . .        a - +0 chain mail
rPois   .            (helmet restricted)
rElec   .            (no cloak)
rCorr   .            (no gloves)
SInv    +            (no boots)
Will    .....        n - amulet of the acrobat Stlth
                     d - +5 ring of evasion
HPRegen 0.33/turn    p - ring of see invisible
MPRegen 0.11/turn

%: acrobat
@: on berserk cooldown, slowed, very slow
A: horns 2, retaliatory headbutt
a: Renounce Religion, Berserk, Trog's Hand, Brothers in Arms


You were on level 8 of the Dungeon.
You worshipped Trog.
Trog was extremely pleased with you.
You visited 1 branch of the dungeon, and saw 8 of its levels.
You also visited: Ossuary.

You collected 419 gold pieces.

Inventory:

Hand Weapons
 o - a +3 battleaxe of draining
 E - a +3 heavy broad axe (weapon)
Missiles
 i - 2 javelins (quivered)
Armour
 a - a +0 chain mail (worn)
Jewellery
 d - a +5 ring of evasion (left hand)
 n - an amulet of the acrobat (around neck)
 p - a ring of see invisible (right hand)
 w - a +5 ring of evasion
Wands
 q - a wand of paralysis (10)
 s - a wand of iceblast (18)
 t - a wand of light (4)
 v - a wand of flame (8)
Scrolls
 h - 2 scrolls of brand weapon
 m - a scroll of immolation
 r - 2 scrolls of blinking
 x - 2 scrolls of acquirement
 y - 6 scrolls of teleportation
 C - a scroll of fear
Potions
 b - 2 potions of mutation
 c - 7 potions of curing
 e - a potion of resistance
 f - a potion of might
 g - a potion of haste
 j - a potion of heal wounds {unknown}
 k - a potion of ambrosia {unknown}
 l - a potion of lignification {unknown}
 u - a potion of attraction {unknown}
 z - 2 potions of cancellation {unknown}
 D - a potion of flight {unknown}


   Skills:
 + Level 7.9 Fighting
 + Level 11.9 Axes
 + Level 1.4 Throwing
 + Level 7.4 Armour
 + Level 3.8 Dodging
 + Level 1.6 Stealth


You had 8 spell levels left.
You didn't know any spells.
Your spell library was empty.

Dungeon Overview and Level Annotations

Branches:
Dungeon (8/15)             Temple (0/1) D:7         Ossuary (visited)
   Lair: D:8-11

Altars:
Cheibriados
Okawaru
Sif Muna
Trog


Innate Abilities, Weirdness & Mutations

You have a pair of horns on your head.
You reflexively headbutt those who attack you in melee.


Message History

You barely miss the steam dragon. Your headbutt misses the steam dragon.
The steam dragon is almost dead.
The steam dragon barely misses you. The steam dragon claws you.
You completely miss the steam dragon.
The steam dragon is almost dead.
The steam dragon barely misses you. The steam dragon closely misses you.
You chop the steam dragon into pieces!!!
You kill the steam dragon!
Trog accepts your kill.
You slice the wyvern!!
You kill the wyvern!
Trog accepts your kill.
You slash the bullfrog!
The bullfrog is moderately wounded.
The bullfrog barely misses you.
The centaur warrior enters a dispersal trap!
The bullfrog blinks!
You blink.
You feel a strong urge to attack something.
A centaur warrior comes into view.
You are no longer berserk.
You are exhausted.
You feel yourself slow down.
The centaur warrior wields a +0 longbow.
The centaur warrior shoots an arrow.
The arrow completely misses you.
You see here a wyvern corpse.
The centaur warrior shoots an arrow.
The arrow closely misses you. The bullfrog hits you.
The centaur warrior shoots an arrow.
The arrow misses you.
The orc priest enters a dispersal trap!
The centaur warrior blinks!
You blink.
A gnoll sergeant comes into view. It is wielding a +2 heavy spear.
The gnoll sergeant shouts!
The bullfrog misses you.
You slice the bullfrog!!
You kill the bullfrog!
Trog accepts your kill.
The centaur warrior shoots an arrow.
The arrow hits you!!
The centaur warrior shoots an arrow.
The arrow hits you!!
* * * LOW HITPOINT WARNING * * *
The centaur warrior shoots an arrow.
The arrow hits you!!
You die...

#.....# #....... #.....######
#......#
#..........#######.......
#.................##+.###
#####.................#...#..
#.....................#...#..
####.#####.###.....:.....#......
..§$.#####.c##....########...#.>
........†......@..# #...#..
.#o###.#######....# #...### #.
#....# +...... .. #g...# #....#.
##. #....# #... ## .. #.###..
#.. # .F #.. ... +. #. #.. ... #


You could see a centaur warrior and a gnoll sergeant.

Vanquished Creatures
  The ghost of Sanktem7 the Chopper, an amateur MiFi (D:4)
  A wyvern (D:8)
  2 steam dragons (D:8)
  Menkaure (Ossuary)
  An ice beast (D:6)
  A black bear (D:6)
  A centaur (D:7)
  An ogre (D:6)
  2 phantoms
  3 bullfrogs
  A gnoll sergeant (D:6)
  3 scorpions
  A wight (D:8)
  2 howler monkeys
  A hound (D:4)
  A jelly (D:7)
  11 orc priests
  A gnoll bouda (D:7)
  3 iguanas
  Ijyb (D:5)
  8 orc wizards
  4 sleepcaps
  3 mummies (Ossuary)
  16 gnolls
  5 adders
  2 shadow imps
  2 ufetubi
  3 worms
  2 dart slugs
  26 orcs
  4 endoplasms
  10 giant cockroaches
  5 gnoll zombies (Ossuary)
  5 hobgoblins
  5 jackals
  7 kobolds
  12 quokkas
  4 ball pythons
  5 bats
  6 frilled lizards
  4 gnoll skeletons (Ossuary)
  7 goblins
  5 goblin skeletons (Ossuary)
  4 goblin zombies (Ossuary)
  5 hobgoblin skeletons (Ossuary)
  3 hobgoblin zombies (Ossuary)
  2 kobold skeletons (Ossuary)
  4 kobold zombies (Ossuary)
  4 orc skeletons (Ossuary)
  3 orc zombies (Ossuary)
  2 rats (D:1)
  5 rat skeletons (Ossuary)
  6 rat zombies (Ossuary)
227 creatures vanquished.

Notes
Turn   | Place    | Note
-------+----------+-------------------------------------------
     0 | D:1      | Wiggles the Minotaur Berserker began the quest for the Orb.
     0 | D:1      | Reached XP level 1. HP: 19/19 MP: 0/0
    70 | D:1      | Found a faded altar of an unknown god.
   131 | D:1      | Reached XP level 2. HP: 27/27 MP: 1/1
   147 | D:1      | Reached skill level 4 in Axes
   434 | D:1      | Reached ** piety under Trog
   581 | D:1      | Reached XP level 3. HP: 33/33 MP: 2/2
  1583 | D:3      | Reached XP level 4. HP: 41/41 MP: 3/3
  1666 | D:3      | Reached skill level 5 in Axes
  2026 | D:3      | Reached XP level 5. HP: 6/47 MP: 4/4
  2281 | D:3      | Identified the +7 short sword "Trog's Righteous Anger"
                  | {freeze, rElec rC+ Str-5 Dex+3}
  2290 | D:3      | Identified the +0 scale mail "Kunadgh" {Int+2}
  2404 | D:3      | Reached skill level 1 in Throwing
  2560 | D:3      | Noticed a phantom
  2586 | D:3      | Killed a phantom
  2587 | D:3      | Reached skill level 5 in Fighting
  2587 | D:3      | Reached XP level 6. HP: 45/56 MP: 5/5
  2927 | D:4      | Reached *** piety under Trog
  2993 | D:4      | Reached skill level 6 in Axes
  3054 | D:4      | Reached skill level 1 in Stealth
  3218 | D:4      | Found a bloodstained altar of Trog.
  3282 | D:4      | Reached XP level 7. HP: 61/61 MP: 6/6
  3414 | D:4      | Found a runed translucent door.
  3415 | D:4      | Noticed Sanktem7's ghost (amateur MiFi)
  3471 | D:4      | Found a sand-covered staircase.
  3496 | Ossuary  | Entered an ossuary
  3580 | Ossuary  | Reached **** piety under Trog
  3789 | Ossuary  | Noticed Menkaure
  3794 | Ossuary  | Killed Menkaure
  3795 | Ossuary  | Reached skill level 7 in Axes
  3795 | Ossuary  | Reached skill level 5 in Armour
  3969 | Ossuary  | Identified 3 scrolls of acquirement
  3969 | Ossuary  | Acquired a +2 battleaxe of draining
  4352 | D:4      | Killed Sanktem7's ghost
  4353 | D:4      | Reached skill level 8 in Axes
  4353 | D:4      | Reached XP level 8. HP: 70/70 MP: 7/7
  4423 | D:5      | Entered Level 5 of the Dungeon
  4443 | D:5      | Identified the +0 whip "Zapleono" {freeze, Contam rN+
                  | Str+8}
  4677 | D:5      | Noticed Ijyb
  4681 | D:5      | Killed Ijyb
  4818 | D:5      | Reached skill level 9 in Axes
  5775 | D:6      | Reached skill level 10 in Axes
  5806 | D:6      | Reached ***** piety under Trog
  6018 | D:6      | Found an iron altar of Okawaru.
  6019 | D:6      | Found a snail-covered altar of Cheibriados.
  6046 | D:6      | Reached XP level 9. HP: 79/79 MP: 8/8
  6194 | D:7      | Found a shimmering blue altar of Sif Muna.
  6257 | D:7      | Found a staircase to the Ecumenical Temple.
  6573 | D:7      | Received a gift from Trog
  6574 | D:7      | Reached skill level 11 in Axes
  7192 | D:8      | Noticed a centaur warrior
  7197 | D:8      | Shot with an arrow by a centaur warrior

Illustrated notes

Levels and vault maps discovered:
D:1:      dpeg_arrival_simpleton_a, layout_rooms, serial_forest,
          infiniplex_forest_straight_3, infiniplex_forest_end_1,
          infiniplex_forest_clump_tiny, infiniplex_forest_lined_corner,
          infiniplex_forest_clump_curved, infiniplex_forest_corner_1,
          infiniplex_forest_corner_1, infiniplex_forest_end_1,
          infiniplex_forest_lined_room_2, shapermc_ecumenical_altar_pompeii,
          grunt_decor_clamped
D:2:      layout_basic, nicolae_kite_square_tiling_tiny
D:3:      layout_basic, roderic_roman_lattice, hex_intersection
D:4:      wad_woods_stonehenge, layout_cave_pools, gammafunk_ghost_grave,
          lightli_ossuary_entry_decrepit_ruins
D:5:      layout_gridville, uniq_ijyb
D:6:      layout_gridville, minitemple, uniq_menkaure
D:7:      layout_loops_cross, old_standard_altar, minmay_temple_entry_grid,
          minmay_stone_trees_medium
D:8:      layout_gridville, serial_shops, nicolae_shop_hallway_plus,
          enter_bailey_2, st_stairs_3, minmay_shattered_shrine

Skill      XL: |  1  2  3  4  5  6  7  8  9 |
---------------+----------------------------+-----
Fighting       | 4 5 6 7 |  7.9
Axes           | 4 5 6 8 10 11 | 11.9
Armour         | 3 4 5 6 7 |  7.4
Throwing       | 1 |  1.4
Dodging        | 3 |  3.8
Stealth        | 1 |  1.6

Action                     |  1- 3 |  4- 6 |  7- 9 || total
---------------------------+-------+-------+-------++-------
  Melee: Hand axe          |    73 |   155 |   115 ||   343
         Headbutt          |     9 |    24 |    45 ||    78
         Punch             |     2 |     1 |     1 ||     4
         Battleaxe         |       |       |   108 ||   108
         Broad axe         |       |       |    15 ||    15
  Throw: Javelin           |     8 |     6 |       ||    14
         Throwing net      |       |     1 |       ||     1
 Invoke: Berserk           |       |     2 |     7 ||     9
    Use: Scroll            |       |       |    21 ||    21
   Stab: Held in net/web   |       |     1 |       ||     1
 Armour: Ring mail         |    23 |    13 |       ||    36
         Scale mail        |       |    36 |    12 ||    48
         Chain mail        |       |       |    35 ||    35
  Dodge: Dodged            |    40 |   107 |   202 ||   349
